 Dungeon Crawl Stone Soup version 0.28-a0-268-g3f656e82c2 (webtiles) character file.

Game seed: 2430623602342172465

16579 jasper the Martial Artist (level 12, -8/93 HPs)
             Began as a Demonspawn Summoner on Aug 28, 2021.
             Was a High Priest of Trog.
             Mangled by a mana viper (9 damage)
             ... on level 1 of the Snake Pit.
             The game lasted 00:26:56 (16928 turns).

jasper the Martial Artist (Demonspawn Summoner)    Turns: 16928, Time: 00:26:56

Health: -8/93      AC: 14    Str: 18    XL:     12   Next: 11%
Magic:  15/15      EV: 15    Int: 19    God:    Trog [*****.]
Gold:   324        SH:  5    Dex: 13    Spells: 15/15 levels left

rFire   . . .      SeeInvis .     - Unarmed
rCold   . . .      Faith    .   z - +0 buckler
rNeg    . . .      Spirit   .   y - +0 acid dragon scales
rPois   .          Reflect  .   I - +0 helmet
rElec   .          Harm     .   D - +0 cloak
rCorr   +          Rampage  .   (no gloves)
Will    ++...                   d - +2 pair of boots
Stlth   +.........              (no amulet)
HPRegen 1.25/turn               H - +4 ring of evasion
MPRegen 0.14/turn               k - +6 ring of strength

@: lethally poisoned (-8 -> -9), strong-willed, regenerating, slowed,
constricted, very slow
A: claws 2, hooves 2, demonic guardian 1, demonic magic 3
a: Renounce Religion, Berserk, Trog's Hand, Brothers in Arms


You were on level 1 of the Snake Pit.
You worshipped Trog.
Trog was extremely pleased with you.
You visited 4 branches of the dungeon, and saw 16 of its levels.

You collected 1024 gold pieces.
You spent 700 gold pieces at shops.

Inventory:

Hand Weapons
 c - a +3 dagger of venom
Missiles
 e - 310 stones (quivered)
 u - 62 poisoned darts
 B - 3 throwing nets
Armour
 a - a +0 robe
 d - a +2 pair of boots (worn)
 o - a +1 ring mail
 v - a +0 pair of gloves
 w - a +0 scale mail
 y - +0 acid dragon scales (worn)
 z - a +0 buckler (worn)
 D - a +0 cloak (worn)
 E - a +0 plate armour
 G - a scarf of shadows
 I - a +0 helmet (worn)
Jewellery
 g - a +6 ring of dexterity
 k - a +6 ring of strength (right claw)
 t - a ring of see invisible
 H - a +4 ring of evasion (left claw)
 K - a ring of magical power
 R - an amulet of reflection
Wands
 C - a wand of flame (62)
 M - a wand of acid (7)
 U - a wand of charming (7)
Scrolls
 b - 6 scrolls of immolation
 l - 2 scrolls of noise
 p - 2 scrolls of teleportation
 s - a scroll of enchant weapon
 x - a scroll of blinking
 F - a scroll of fear
 J - a scroll of magic mapping
 N - 6 scrolls of identify
 T - a scroll of enchant armour
 V - a scroll of vulnerability
Potions
 f - 6 potions of curing
 h - 4 potions of degeneration
 i - 3 potions of attraction
 j - 4 potions of heal wounds
 m - 4 potions of brilliance
 n - a potion of might
 q - 2 potions of berserk rage
 r - a potion of lignification
 A - a potion of mutation
 O - 4 potions of invisibility
 P - a potion of haste
 Q - a potion of cancellation
Miscellaneous
 L - a condenser vane


   Skills:
 + Level 8.2 Fighting
 + Level 7.5 Armour
 + Level 7.8 Dodging
 - Level 1.7 Stealth
 - Level 4.0 Shields
 * Level 10.6 Unarmed Combat
 - Level 2.3 Spellcasting
 - Level 4.2 Summonings
 + Level 5.8 Evocations


You had 15 spell levels left.
You didn't know any spells.
Your spell library contained the following spells:

 Spells                   Type           Power      Damage    Failure   Level
 Summon Small Mammal      Summ           72%        N/A       3%          1
 Call Imp                 Summ           18%        N/A       5%          2
 Call Canine Familiar     Summ           18%        N/A       11%         3
 Summon Guardian Golem    Hex/Summ       10%        N/A       26%         3
 Summon Lightning Spire   Summ/Air       10%        N/A       65%         4


Dungeon Overview and Level Annotations

Branches:
Dungeon (11/15)            Temple (0/1) D:6            Lair (3/6) D:10
  Swamp (0/4) Lair:2        Snake (1/4) Lair:3          Orc (1/2) D:11

Altars:
Ashenzari
Dithmenos
Fedhas
Gozag
Kikubaaqudgha
Makhleb
Okawaru
Qazlal
Ru
Trog
Uskayaw
Zin
Beogh

Shops:
D:5 =   D:9 !

Annotations:
Snake:1 Roxanne, Urug


Innate Abilities, Weirdness & Mutations

You have very sharp fingernails.
You have hoof-like feet.
A weak demonic guardian rushes to your aid.
Spells you cast and wands you use may paralyse nearby enemies.


Message History

Trog appreciates your killing of a magic user.
You feel very sick.
You take 2 damage, and have 22/93 hp.
Your skin crawls.
You feel strong-willed.
You feel very sick.
You take 1 damage, and have 21/93 hp.
You feel sick.
You take 1 damage, and have 20/93 hp.
You feel sick.
There is a staircase to the Snake Pit here.
You feel sick.
You climb downwards.
Welcome to the Snake Pit!
This branch contains the serpentine rune of Zot.
You feel sick.
You are no longer poisoned.
The naga ritualist shouts!
The anaconda hisses angrily.
The black mamba hisses angrily.
The mana viper hisses angrily.
The black mamba hisses angrily. x2
Marking area around Roxanne as unsafe for travelling.
Found a robe.
There is a staircase back to the Lair here.
Unknown command.
Unknown command.
Unknown command.
Urug is no longer charmed.
You block Urug's attack. The anaconda grabs you.
You stop ascending the stairs.
The anaconda bites you but does no damage.
The anaconda constricts you.
* * * LOW HITPOINT WARNING * * *
The naga ritualist spits poison at you. The splash of poison misses you.
The splash of poison misses Urug.
The naga ritualist mumbles some strange prayers to its god.
The naga ritualist begins to radiate toxic energy.
* * * LOW HITPOINT WARNING * * *
You are poisoned.
Urug hits you with a +6 glaive!!
* * * LOW HITPOINT WARNING * * *
A demonic guardian appears!
The mana viper bites you!
You die...

#..........
#....N.....
#......S...
#....S.[..#
#..S.....#
#..S...N.#
#..SN....##
#.S@S.....#
#..o....8..#
...^.....4.....
......####.....
####.. ###..
##. . #


You could see Roxanne, Urug, an anaconda, 2 naga ritualists, 2 mana vipers, 4
black mambas, a naga and a friendly orange demon (summoned).

Vanquished Creatures
  A hydra (D:11)
  2 boulder beetles
  A two-headed ogre (D:11)
  2 ugly things
  2 cyclopes
  A guardian serpent (Lair:3)
  5 centaur zombies
  A black mamba (Lair:2)
  A cane toad (Lair:2)
  Maggie (D:6)
  A gargoyle (D:11)
  3 komodo dragons
  2 trolls
  A polar bear (Lair:2)
  A hornet (D:10)
  A meliai zombie (D:10)
  2 wyverns (D:10)
  5 yaks
  4 vampire mosquitoes (D:11)
  3 wargs (D:11)
  A steam dragon (D:8)
  An acid dragon (D:10)
  10 water moccasins
  2 ice beasts
  4 orc warriors
  A hornet zombie (D:8)
  3 black bears
  A necrophage (D:7)
  5 ogres
  A phantom (D:6)
  3 centaurs
  A kobold brigand (D:4)
  4 bullfrogs
  2 gnoll sergeants
  3 scorpions (D:4)
  A water moccasin zombie (D:5)
  16 killer bees
  An electric eel (D:8)
  9 howler monkeys
  3 gnoll shamans
  11 orc priests
  Crazy Yiuf (D:6)
  A bullfrog skeleton (D:6)
  3 hounds
  Jessica (D:2)
  2 iguanas
  15 orc wizards
  A killer bee zombie (D:7)
  A hound skeleton (D:4)
  A howler monkey zombie (D:8)
  23 gnolls
  3 adders
  2 shadow imps
  3 white imps
  2 ufetubi
  2 worms
  5 dart slugs
  44 orcs
  6 ball pythons
  6 bats
  8 endoplasms
  8 giant cockroaches
  8 goblins
  7 hobgoblins
  7 jackals
  6 quokkas
  2 frilled lizards
  4 kobolds
  A quokka skeleton (D:4)
  3 rats
299 creatures vanquished.

Vanquished Creatures (collateral kills)
  A boulder beetle (Lair:2)
  A komodo dragon (Lair:2)
  A wraith (D:11)
  A water moccasin (Lair:2)
  A howler monkey (D:11)
  A hound (D:11)
  An iguana (D:5)
  An adder (D:4)
  An endoplasm (D:1)
  A giant cockroach (D:1)
10 creatures vanquished.

Vanquished Creatures (others)
  A plant (D:1)
1 creature vanquished.

Grand Total: 310 creatures vanquished

Notes
Turn   | Place    | Note
-------+----------+-------------------------------------------
     0 | D:1      | jasper the Demonspawn Summoner began the quest for the Orb.
     0 | D:1      | Reached XP level 1. HP: 13/13 MP: 3/3
   168 | D:1      | Gained mutation: You have large cloven feet. [demonic
                  | ancestry]
   168 | D:1      | Reached XP level 2. HP: 15/19 MP: 1/5
   273 | D:1      | Found a faded altar of an unknown god.
   276 | D:1      | Became a worshipper of Trog the Wrathful
   276 | D:1      | Reached * piety under Trog
   877 | D:1      | Gained mutation: Spells you cast may paralyse adjacent
                  | enemies. [demonic ancestry]
   877 | D:1      | Reached XP level 3. HP: 21/25 MP: 6/6
  1080 | D:1      | Reached skill level 1 in Unarmed Combat
  1232 | D:2      | Reached ** piety under Trog
  1248 | D:1      | Reached skill level 1 in Fighting
  1453 | D:2      | Reached skill level 1 in Armour
  1656 | D:2      | Reached XP level 4. HP: 32/32 MP: 7/7
  1762 | D:2      | Noticed Jessica
  1767 | D:2      | Killed Jessica
  1905 | D:2      | Found a shadowy altar of Dithmenos.
  2469 | D:3      | Reached skill level 2 in Unarmed Combat
  2539 | D:3      | Found an iron altar of Okawaru.
  2550 | D:3      | Found a blossoming altar of Fedhas.
  3181 | D:3      | Gained mutation: A weak demonic guardian rushes to your
                  | aid. [demonic ancestry]
  3181 | D:3      | Reached XP level 5. HP: 31/37 MP: 8/8
  3770 | D:4      | Noticed a black bear
  3780 | D:4      | Killed a black bear
  3781 | D:4      | Reached skill level 3 in Unarmed Combat
  3781 | D:4      | Reached XP level 6. HP: 44/44 MP: 9/9
  4260 | D:4      | Reached XP level 7. HP: 49/51 MP: 10/10
  4266 | D:4      | Reached skill level 4 in Unarmed Combat
  4293 | D:4      | Reached *** piety under Trog
  4422 | D:4      | Found a broken altar of Ashenzari.
  5008 | D:5      | Entered Level 5 of the Dungeon
  5322 | D:5      | Found Dietes's Jewellery Shop.
  5724 | D:5      | Reached skill level 5 in Unarmed Combat
  5724 | D:5      | Gained mutation: You have hoof-like feet. [demonic
                  | ancestry]
  5724 | D:5      | Reached XP level 8. HP: 60/60 MP: 11/11
  6182 | D:6      | Reached skill level 6 in Unarmed Combat
  6259 | D:6      | Noticed Maggie
  6287 | D:6      | Killed Maggie
  6462 | D:6      | Gained mutation: You have sharp fingernails. [demonic
                  | ancestry]
  6462 | D:6      | Reached XP level 9. HP: 56/67 MP: 12/12
  6533 | D:6      | Found a stormy altar of Qazlal.
  6537 | D:6      | Found a staircase to the Ecumenical Temple.
  6590 | D:6      | Reached skill level 5 in Dodging
  6641 | D:6      | Reached skill level 5 in Fighting
  6769 | D:6      | Found a sacrificial altar of Ru.
  6787 | D:6      | Identified the +6 mace of Defiance {pain, Fly rElec Str+2
                  | SInv}
  6792 | D:6      | Found a runed translucent door.
  6793 | D:6      | Noticed Crazy Yiuf
  6903 | D:6      | Found a shadowy altar of Dithmenos.
  7005 | D:6      | Killed Crazy Yiuf
  7369 | D:7      | Reached skill level 7 in Unarmed Combat
  7730 | D:7      | Reached skill level 5 in Armour
  7972 | D:7      | Reached **** piety under Trog
  8065 | D:7      | Reached skill level 1 in Evocations
  8596 | D:8      | Noticed a cyclops
  8647 | D:8      | Killed a cyclops
  8648 | D:8      | Reached skill level 1 in Shields
  8648 | D:8      | Reached skill level 8 in Unarmed Combat
  8648 | D:8      | Gained mutation: Spells you cast may paralyse nearby
                  | enemies. [demonic ancestry]
  8648 | D:8      | Reached XP level 10. HP: 75/76 MP: 13/13
  9125 | D:8      | Found an ancient bone altar of Kikubaaqudgha.
  9200 | D:8      | Found a hide-covered altar of Uskayaw.
  9406 | D:9      | Noticed a purple ugly thing
  9707 | D:10     | Entered Level 10 of the Dungeon
 10078 | D:10     | Found a burning altar of Makhleb.
 10109 | D:10     | Found a bloodstained altar of Trog.
 11055 | D:10     | Reached ***** piety under Trog
 11078 | D:10     | Found a staircase to the Lair.
 11476 | D:11     | Found a staircase to the Orcish Mines.
 11597 | D:11     | Noticed a gargoyle
 11807 | D:11     | Reached skill level 9 in Unarmed Combat
 11971 | D:11     | Killed a gargoyle
 12198 | D:11     | Noticed a seven-headed hydra
 12539 | D:10     | Killed a purple ugly thing
 12598 | D:10     | Gained mutation: Spells you cast and wands you use may
                  | paralyse nearby enemies. [demonic ancestry]
 12598 | D:10     | Reached XP level 11. HP: 81/84 MP: 14/14
 12786 | D:9      | Found an opulent altar of Gozag.
 12832 | D:9      | Found Judug's Distillery.
 13435 | D:9      | Bought a potion of haste for 140 gold pieces
 13435 | D:9      | Bought a potion of heal wounds for 70 gold pieces
 13435 | D:9      | Bought a potion of invisibility for 112 gold pieces
 13435 | D:9      | Bought a potion of heal wounds for 70 gold pieces
 13435 | D:9      | Bought a potion of curing for 42 gold pieces
 13435 | D:9      | Bought a potion of invisibility for 112 gold pieces
 13435 | D:9      | Bought a potion of curing for 42 gold pieces
 13435 | D:9      | Bought a potion of cancellation for 112 gold pieces
 13576 | D:11     | Noticed a boulder beetle
 13606 | D:11     | Killed a boulder beetle
 14000 | D:11     | Killed a seven-headed hydra
 14314 | D:11     | Noticed a two-headed ogre
 14320 | D:11     | Killed a two-headed ogre
 14337 | D:11     | Noticed a purple ugly thing
 14356 | D:11     | Killed a purple ugly thing
 14367 | D:11     | Reached skill level 10 in Unarmed Combat
 14450 | D:11     | Reached skill level 5 in Evocations
 14526 | Orc:1    | Entered Level 1 of the Orcish Mines
 15248 | Lair:1   | Entered Level 1 of the Lair of Beasts
 16175 | Lair:1   | You fall into a shaft and drop 1 floor!
 16237 | Lair:2   | Noticed a boulder beetle
 16258 | Lair:2   | Killed a boulder beetle
 16449 | Lair:2   | Found a staircase to the Swamp.
 16523 | Lair:2   | Noticed a boulder beetle
 16542 | Lair:2   | Gained mutation: You have very sharp fingernails. [demonic
                  | ancestry]
 16542 | Lair:2   | Reached XP level 12. HP: 27/92 MP: 15/15
 16819 | Lair:2   | Killed a boulder beetle
 16880 | Lair:2   | Noticed Urug
 16910 | Lair:3   | Found a staircase to the Snake Pit.
 16927 | Snake:1  | Entered Level 1 of the Snake Pit
 16927 | Snake:1  | Noticed Roxanne
 16927 | Snake:1  | Noticed an anaconda
 16928 | Snake:1  | HP: 1/93 [Urug (19)]
 16928 | Snake:1  | Mangled by a mana viper

Illustrated notes

Levels and vault maps discovered:
D:1:      dpeg_arrival_solitude, layout_loops_cross,
          shapermc_ecumenical_altar_mp_ritualfount
D:2:      layout_rooms, basic_altar, uniq_jessica
D:3:      layout_basic, nicolae_overflow_crystal_walls,
          mainiacjoe_overflow_large_starburst
D:4:      layout_cave_pods, mainiacjoe_overflow_alcove_2, minmay_starry_boxes
D:5:      layout_loops_ring, serial_shops, shop, kennysheep_boxes
D:6:      layout_rooms, marbit_many_paths, nicolae_qazlal_scattered_showers,
          overflow_temple_1_default, minmay_temple_entry_hall,
          serial_park_tiny_pond, uniq_maggie, uniq_crazy_yiuf_cottage
D:7:      layout_gridville
D:8:      layout_basic, nicolae_uskayaw_murder_on_the_dancefloor,
          mainiacjoe_overflow_six_doors_small
D:9:      layout_long_grid, grunt_gozag_breadcrumbs,
          nicolae_inconvenience_store, minmay_misc_feat_roman
D:10:     layout_stronghold, mainiacjoe_overflow_two_lobes, lair_entry_dummy,
          grunt_ministairs_3, grunt_decor_mini_mirrors,
          minmay_misc_feat_ornament
D:11:     layout_roguey, david_orc_3, hangedman_abyss_or_decor_stagger
Lair:1:   layout_cave_pods, infiniplex_staircase_pool
Lair:2:   layout_roguey, swamp_mist, lemuel_fruit_fields, serial_bayou_shore_b,
          grunt_megastairs_4, uniq_urug
Lair:3:   minmay_lair_oklob_tunnel, layout_hall_layers,
          minmay_snake_entry_spellcaster, minmay_lair_oklob_chamber
Snake:1:  layout_layer_cave, nicolae_snake_gridmaze_entwining,
          nicolae_snake_magic_snake_eye, uniq_roxanne, uniq_aizul, uniq_louise
Orc:1:    layout_caves, basic_altar

Skill      XL: |  1  2  3  4  5  6  7  8  9 10 11 |
---------------+----------------------------------+-----
Dodging        | 2 3 4 5 6 7 |  7.8
Unarmed Combat | 1 2 3 5 6 8 9 10 | 10.6
Fighting       | 1 2 3 4 6 7 8 |  8.2
Armour         | 1 2 3 4 5 6 7 |  7.5
Evocations     | 2 3 5 |  5.8
Shields        | 1 3 4 |  4.0
Stealth        | |  1.7
Spellcasting   | |  2.3
Summonings     | |  4.2

Action                   |  1- 3 |  4- 6 |  7- 9 | 10-12 || total
-------------------------+-------+-------+-------+-------++-------
Melee: Dagger            |    75 |   112 |   286 |       ||   473
       Unarmed           |     4 |       |   129 |   672 ||   805
       Kick              |    16 |    38 |     8 |       ||    62
       Punch             |     1 |     4 |    13 |       ||    18
Throw: Stone             |       |       |     6 |    52 ||    58
 Cast: Summon Small Mamm |     7 |       |       |       ||     7
Invok: Berserk           |       |     3 |    10 |    20 ||    33
       Trog's Hand       |       |     2 |     6 |     5 ||    13
       Brothers in Arms  |       |       |       |     1 ||     1
Evoke: Wand              |       |       |    10 |    21 ||    31
       Condenser vane    |       |       |       |     1 ||     1
  Use: Scroll            |       |     6 |     6 |    10 ||    22
 Stab: Sleeping          |     7 |     3 |     1 |       ||    11
       Paralysed         |       |       |       |    10 ||    10
       Confused          |       |       |       |     2 ||     2
Armor: Robe              |    18 |     2 |       |       ||    20
       Ring mail         |       |    23 |    19 |       ||    42
       Scale mail        |       |       |    78 |       ||    78
       Acid dragon scale |       |       |    99 |   193 ||   292
Dodge: Dodged            |    47 |    49 |   293 |   448 ||   837
Block: Buckler           |       |       |     7 |   124 ||   131

Table legend: (Time is in decaauts)
 A = Elapsed time spent in this place.
 B = Non-inter-level travel time spent in this place.
 C = Inter-level travel time spent in this place.
 D = Time resting spent in this place.
 E = Time spent auto-exploring this place.
 F = Levels seen in this place.
 G = Mean time per level.
                   A        B        C        D        E       F      G
               +--------+--------+--------+--------+--------+-----+--------+
         Total |  17132 |  16553 |    579 |   3034 |  10481 |  16 | 1070.8 |
       Dungeon |  14955 |  14401 |    554 |   2678 |   9058 |  11 | 1359.5 |
          Lair |   1698 |   1698 |      0 |    301 |   1131 |   3 |  566.0 |
     Snake Pit |      1 |      1 |      0 |      0 |      0 |   1 |    1.0 |
  Orcish Mines |    477 |    452 |     25 |     55 |    291 |   1 |  477.0 |
               +--------+--------+--------+--------+--------+-----+--------+

Top non-repeatable levels by time:
    D:10: 2263 daAuts
    D:11: 2025 daAuts
     D:3: 1848 daAuts
     D:7: 1443 daAuts
     D:1: 1415 daAuts
     D:4: 1199 daAuts
     D:8: 1106 daAuts
     D:5: 1081 daAuts
     D:6: 1011 daAuts
     D:9: 977 daAuts
  Lair:1: 929 daAuts
  Lair:2: 734 daAuts
     D:2: 582 daAuts
   Orc:1: 477 daAuts
  Lair:3: 34 daAuts
